[Event "ICC tourney 3340 (40 10)"]
[Site "Internet Chess Club"]
[Date "2023.12.09"]
[Round "1"]
[White "Pozharskii, Denis:odnis"]
[Black "KONA, VIDIP KUMAR:Vidipkona"]
[Result "0-1"]
[ICCResult "White checkmated"]
[WhiteElo "1831"]
[BlackElo "2029"]
[Opening "Queen's pawn: London system"]
[ECO "A45"]
[NIC "QP.07"]
[Time "11:00:53"]
[PlyCount "40"]
[TimeControl "2400+10"]

1. d4 Nf6 2. Bf4 c5 3. d5 e6 4. dxe6 fxe6 5. c4 Nc6 6. Nf3 d5 7. cxd5 exd5
8. e3 Bg4 9. Be2 Bd6 10. Bxd6 Qxd6 11. O-O Bxf3 12. Bxf3 O-O-O 13. Nc3 a6
14. Rc1 Kb8 15. Na4 c4 16. a3 Ne5 17. Be2 h5 18. Qd4 Nfg4 19. Qc5 Nf3+ 20.
Bxf3 Qxh2# {White checkmated} 0-1

[Event "ICC tourney 3340 (40 10)"]
[Site "Internet Chess Club"]
[Date "2023.12.09"]
[Round "1"]
[White "GEVORGYAN, DAVIT:Davo29"]
[Black "SANTOS LATASA, JAIME:jsl1996"]
[Result "0-1"]
[ICCResult "White resigns"]
[WhiteElo "2028"]
[BlackElo "2665"]
[Opening "Sicilian: Canal-Sokolsky (Nimzovich-Rossolimo, Moscow) attack"]
[ECO "B51"]
[NIC "SI.01"]
[Time "11:00:38"]
[PlyCount "72"]
[TimeControl "2400+10"]

1. e4 c5 2. Nf3 d6 3. Bb5+ Nd7 4. d4 cxd4 5. Qxd4 a6 6. Bxd7+ Bxd7 7. Nc3
Rc8 8. O-O e5 9. Qd1 h6 10. Nd5 Nf6 11. Nxf6+ Qxf6 12. Be3 Qg6 13. Nd2 Bh3
14. Qf3 Bg4 15. Qg3 Rxc2 16. f3 Be6 17. Qxg6 fxg6 18. b3 Be7 19. Rfc1 Rc6
20. Rxc6 bxc6 21. Rc1 c5 22. Nc4 Kd7 23. Kf2 Rb8 24. Ke2 g5 25. h3 a5 26.
Nb2 h5 27. g4 Rh8 28. Nc4 Rb8 29. Nb2 Kc6 30. Bd2 Ra8 31. Rg1 hxg4 32. hxg4
Rh8 33. Rg2 Rh1 34. Bxa5 Ra1 35. b4 Rxa2 36. Ke3 Kb5 {White resigns} 0-1

[Event "ICC tourney 3340 (40 10)"]
[Site "Internet Chess Club"]
[Date "2023.12.09"]
[Round "1"]
[White "MARKOVIC, GORAN:Goran21"]
[Black "Volkov, Sergey:Volkov"]
[Result "0-1"]
[ICCResult "White checkmated"]
[WhiteElo "2006"]
[BlackElo "2506"]
[Opening "French: King's Indian attack"]
[ECO "C00"]
[NIC "FR.02"]
[Time "11:00:34"]
[PlyCount "90"]
[TimeControl "2400+10"]

1. e4 e6 2. d3 d5 3. Nd2 Nf6 4. Ngf3 Be7 5. g3 c5 6. Bg2 b5 7. O-O Bb7 8.
Re1 Nc6 9. Qe2 a6 10. a3 h6 11. h4 Qc7 12. Nf1 dxe4 13. dxe4 e5 14. Ne3
O-O-O 15. c3 c4 16. Nd2 Bc5 17. Nd5 Nxd5 18. exd5 Ne7 19. Qg4+ Kb8 20. Qxg7
Nxd5 21. Ne4 Rdg8 22. Bxh6 Rxg7 23. Bxg7 Re8 24. Nxc5 Qxc5 25. Bxe5+ Ka8 26.
Bd4 Qf8 27. a4 bxa4 28. h5 Nc7 29. Rxe8+ Nxe8 30. Rxa4 Bxg2 31. Rxa6+ Kb7
32. Ra7+ Kc6 33. Kxg2 Nc7 34. Ra5 Ne6 35. Be3 f5 36. Ra6+ Kd5 37. Ra5+ Ke4
38. Ra6 Qc8 39. Rb6 f4 40. Bc1 Ng5 41. f3+ Kd3 42. Bxf4 Qh3+ 43. Kg1 Nxf3+
44. Kf2 Qh2+ 45. Kf1 Qe2# {White checkmated} 0-1

[Event "ICC tourney 3340 (40 10)"]
[Site "Internet Chess Club"]
[Date "2023.12.09"]
[Round "1"]
[White "CHINNI, RISHABH:alphachesplayer"]
[Black "BRUDNO, STEPHEN:StevChess01"]
[Result "1-0"]
[ICCResult "Black checkmated"]
[WhiteElo "2094"]
[BlackElo "1900"]
[Opening "Sicilian: O'Kelly variation"]
[ECO "B28"]
[NIC "SI.43"]
[Time "11:00:39"]
[PlyCount "73"]
[TimeControl "2400+10"]

1. e4 c5 2. Nf3 a6 3. c3 d5 4. exd5 Qxd5 5. d4 Nf6 6. Be2 e6 7. O-O cxd4 8.
cxd4 Nc6 9. Nc3 Qd8 10. Re1 Be7 11. Bd3 O-O 12. Be3 Nb4 13. Bb1 Nbd5 14. Ne5
Qc7 15. Qd3 Nb4 16. Qe2 Bd7 17. a3 Nbd5 18. Qd3 g6 19. Bh6 Rfd8 20. Ba2 Be8
21. Rac1 Qb6 22. Nc4 Qa7 23. Rcd1 Rac8 24. Nxd5 Nxd5 25. Ne5 Nf6 26. Bg5 Nd5
27. Bxe7 Nxe7 28. Ng4 Bc6 29. Qe3 Bd5 30. Qe5 Qb8 31. Nh6+ Kf8 32. Qh8+ Ng8
33. Qxg8+ Ke7 34. Qxf7+ Kd6 35. Rxe6+ Bxe6 36. Qxe6+ Kc7 37. Rc1#
{Black checkmated}
1-0

[Event "ICC tourney 3340 (40 10)"]
[Site "Internet Chess Club"]
[Date "2023.12.09"]
[Round "1"]
[White "ZHOU, JIANCHAO:TomCruise999"]
[Black "Meng, Joshua:jmichess"]
[Result "1-0"]
[ICCResult "Black resigns"]
[WhiteElo "2646"]
[BlackElo "2014"]
[Opening "King's Indian: orthodox, 7...Nbd7"]
[ECO "E94"]
[NIC "KI.13"]
[Time "11:00:35"]
[PlyCount "63"]
[TimeControl "2400+10"]

1. Nf3 Nf6 2. c4 d6 3. d4 Nbd7 4. Nc3 e5 5. e4 g6 6. Be2 Bg7 7. O-O O-O 8.
Be3 Ng4 9. Bg5 Bf6 10. Bc1 exd4 11. Nxd4 Nge5 12. Nd5 Bg7 13. f4 Nc6 14. Nb5
a6 15. Nbxc7 Ra7 16. f5 Bd4+ 17. Kh1 Be5 18. f6 b6 19. Ne7+ Nxe7 20. fxe7
Qxe7 21. Nd5 Qh4 22. Bf4 Bxb2 23. Bxd6 Rb7 24. Rb1 Be5 25. Bxe5 Nxe5 26. Qd4
Qg5 27. Rxb6 Rxb6 28. Qxb6 f5 29. Qc7 Nd7 30. e5 Re8 31. e6 Nf8 32. Qf7+
{Black resigns}
1-0

[Event "ICC tourney 3340 (40 10)"]
[Site "Internet Chess Club"]
[Date "2023.12.09"]
[Round "1"]
[White "Feng, Jay:TheDeadlyPawn"]
[Black "QUIRKE, JEFFREY L:PawnEatingZombi"]
[Result "0-1"]
[ICCResult "White resigns"]
[WhiteElo "1949"]
[BlackElo "2165"]
[Opening "Two knights defense (Modern bishop's opening)"]
[ECO "C55"]
[NIC "IG.01"]
[Time "11:00:39"]
[PlyCount "48"]
[TimeControl "2400+10"]

1. e4 e5 2. Nf3 Nc6 3. Bc4 Nf6 4. d3 h6 5. O-O d6 6. Nc3 g5 7. Be3 Bg7 8. a4
O-O 9. Re1 a5 10. Ne2 d5 11. exd5 Nxd5 12. Bc5 Re8 13. Ned4 Nxd4 14. Nxd4 c6
15. Ne2 Be6 16. Ng3 Nf4 17. Bxe6 Rxe6 18. Be3 Nd5 19. Qg4 Nb4 20. Rac1 Qf6
21. Bd2 Nd5 22. Re4 Qg6 23. Nf5 Nf6 24. Qf3 g4 {White resigns} 0-1

[Event "ICC tourney 3340 (40 10)"]
[Site "Internet Chess Club"]
[Date "2023.12.09"]
[Round "1"]
[White "LIU, PATRICK PEIJUN:JunlinTheWorld"]
[Black "OPASKA, MICHAEL:mopaska1106"]
[Result "0-1"]
[ICCResult "White checkmated"]
[WhiteElo "2257"]
[BlackElo "2004"]
[Opening "Catalan: closed, 5.Nf3"]
[ECO "E06"]
[NIC "CA.05"]
[Time "11:00:50"]
[PlyCount "118"]
[TimeControl "2400+10"]

1. d4 Nf6 2. c4 e6 3. g3 d5 4. Nf3 Be7 5. Bg2 O-O 6. O-O dxc4 7. Qc2 a6 8.
a4 Nc6 9. Qxc4 Qd5 10. Qd3 Nb4 11. Qd1 c5 12. Nc3 Qh5 13. e4 Rd8 14. e5 Nd7
15. Bf4 cxd4 16. Nxd4 Qxd1 17. Raxd1 g5 18. Be3 Nxe5 19. Ne4 h6 20. Kh1 Nc4
21. Bc1 f5 22. Nc3 Bf6 23. Nb3 Nd3 24. Bf3 Rb8 25. Be2 Ncxb2 26. Bxb2 Nxb2
27. Rxd8+ Bxd8 28. a5 Bf6 29. Na2 b6 30. Rb1 Bb7+ 31. Kg1 Bd5 32. Nac1 b5
33. Nc5 Ra8 34. Nd7 Bd4 35. Nb6 Bxb6 36. axb6 Nc4 37. Bxc4 Bxc4 38. Ra1 b4
39. Na2 Bxa2 40. Rxa2 a5 41. Rc2 Rb8 42. Ra2 b3 43. Rxa5 Rxb6 44. Ra1 b2 45.
Rb1 Kf7 46. Kg2 Kf6 47. h4 Ke5 48. hxg5 hxg5 49. Kf3 Kd4 50. Ke2 Kc3 51. Kd1
Kb3 52. Ke2 Kc2 53. Rd1 b1=Q 54. Rd2+ Kc3 55. Rd1 Qxd1+ 56. Kxd1 Kd3 57. Kc1
g4 58. f4 Rb5 59. Kd1 Rb1# {White checkmated} 0-1

[Event "ICC tourney 3340 (40 10)"]
[Site "Internet Chess Club"]
[Date "2023.12.09"]
[Round "1"]
[White "KOEHL, EVAN:MacAndSneeze"]
[Black "Li, Alex:AlexLi31415"]
[Result "0-1"]
[ICCResult "White forfeits on time"]
[WhiteElo "2050"]
[BlackElo "1835"]
[Opening "Sicilian: O'Kelly variation"]
[ECO "B28"]
[NIC "SI.43"]
[Time "11:00:36"]
[PlyCount "66"]
[TimeControl "2400+10"]

1. e4 c5 2. Nf3 a6 3. c4 Nc6 4. d4 cxd4 5. Nxd4 e5 6. Nf3 Nf6 7. Bd3 Bc5 8.
O-O h6 9. Nc3 d6 10. a3 Bg4 11. Be2 Bxf3 12. Bxf3 O-O 13. Ne2 Qc7 14. b3 Nd4
15. Bb2 Nxf3+ 16. gxf3 Nh5 17. Kg2 f5 18. Qd5+ Kh8 19. b4 Ba7 20. Rad1 fxe4
21. Qxe4 Nf4+ 22. Nxf4 Rxf4 23. Qd5 Qe7 24. Qxd6 Qg5+ 25. Kh1 Qh5 26. Rd3
Rxf3 27. c5 Raf8 28. Rd2 Bb8 29. Qd7 R3f7 30. Qd5 Bc7 31. Qg2 e4 32. Rg1 Rg8
33. Rd4 Qf3 {White forfeits on time} 0-1

[Event "ICC tourney 3340 (40 10)"]
[Site "Internet Chess Club"]
[Date "2023.12.09"]
[Round "1"]
[White "CHEN, LEON TINGQUAN:leonlunachen"]
[Black "HANKE, HARVEY:ThinkingPanda"]
[Result "1/2-1/2"]
[ICCResult "Game drawn by repetition"]
[WhiteElo "1879"]
[BlackElo "2077"]
[Opening "King's Indian: London system"]
[ECO "A45"]
[NIC "QP.03"]
[Time "11:00:36"]
[PlyCount "104"]
[TimeControl "2400+10"]

1. d4 Nf6 2. Bf4 g6 3. Nf3 Bg7 4. c3 O-O 5. Nbd2 d5 6. e3 c5 7. Bd3 Nh5 8.
Be5 f6 9. Bg3 Nxg3 10. hxg3 e5 11. dxe5 fxe5 12. e4 d4 13. cxd4 exd4 14.
Qb3+ Kh8 15. Nh4 Qf6 16. O-O-O Be6 17. Bc4 Bxc4 18. Nxc4 Nc6 19. e5 Qg5+ 20.
f4 Qg4 21. Nd6 h6 22. Qxb7 Nb4 23. Qf3 Qe6 24. a3 Na2+ 25. Kb1 Rab8 26.
Nxg6+ Qxg6+ 27. Kxa2 Qc2 28. Rb1 c4 29. Rhc1 Rxb2+ 30. Rxb2 Qxc1 31. Qe2 c3
32. Rc2 Qh1 33. Nb5 Rb8 34. a4 a6 35. Na3 Re8 36. Qd3 Rd8 37. Re2 Bf8 38.
Rc2 Bxa3 39. Kxa3 Qa1+ 40. Ra2 Qc1+ 41. Kb3 Rb8+ 42. Kc4 Rb2 43. Qf5 Qf1+
44. Kc5 Rxa2 45. Qf8+ Kh7 46. Qf7+ Kh8 47. Qf8+ Kh7 48. Qf7+ Kh8 49. Qf8+
Kh7 50. Qf7+ Kh8 51. Qf8+ Kh7 52. Qf7+ Kh8 {Game drawn by repetition}
1/2-1/2

[Event "ICC tourney 3340 (40 10)"]
[Site "Internet Chess Club"]
[Date "2023.12.09"]
[Round "1"]
[White "Yang, Daniel:danielbest"]
[Black "ZHANG, SUNNY:AboardBuffalo"]
[Result "0-1"]
[ICCResult "White checkmated"]
[WhiteElo "2132"]
[BlackElo "1916"]
[Opening "Grünfeld: 4.Bf4"]
[ECO "D82"]
[NIC "GI.03"]
[Time "11:01:30"]
[PlyCount "108"]
[TimeControl "2400+10"]

1. d4 Nf6 2. c4 g6 3. Nc3 d5 4. Bf4 Bg7 5. e3 Bf5 6. Qb3 c5 7. Qxb7 Nbd7 8.
dxc5 O-O 9. cxd5 Nxc5 10. Qb5 Nce4 11. Nge2 a6 12. Qb4 Nxd5 13. Nxd5 Qxd5
14. f3 Nc5 15. Nc3 Nd3+ 16. Bxd3 Qxd3 17. Rd1 Qc2 18. e4 Qxg2 19. Rf1 a5 20.
Qa3 Be6 21. Rf2 Qh3 22. Qxe7 Bc4 23. Qc5 Rfc8 24. Qe3 f5 25. e5 Bf8 26. Qd4
Be6 27. Qb6 Re8 28. Nb5 Bb4+ 29. Nc3 Rab8 30. Qa6 Rbc8 31. Rc1 Qh4 32. Bg3
Qd4 33. Rd1 Qe3+ 34. Qe2 Qb6 35. f4 Bc4 36. Qf3 Bxa2 37. Kf1 Bb3 38. Rd7
Rxc3 39. bxc3 Qb5+ 40. Kg1 Qxd7 41. cxb4 a4 42. Qc3 Qd1+ 43. Rf1 Qd5 44. Qb2
Ra8 45. Ra1 Qc4 46. Qd2 a3 47. Kg2 a2 48. Bf2 Qe4+ 49. Kf1 Bc4+ 50. Kg1 Bd5
51. Bd4 Rc8 52. Re1 Qh1+ 53. Kf2 Qg2+ 54. Ke3 Qf3# {White checkmated} 0-1

[Event "ICC tourney 3340 (40 10)"]
[Site "Internet Chess Club"]
[Date "2023.12.09"]
[Round "2"]
[White "Volkov, Sergey:Volkov"]
[Black "ZHANG, SUNNY:AboardBuffalo"]
[Result "1-0"]
[ICCResult "Black resigns"]
[WhiteElo "2506"]
[BlackElo "1916"]
[Opening "Grünfeld: 5.Bg5"]
[ECO "D91"]
[NIC "GI.08"]
[Time "13:15:13"]
[PlyCount "71"]
[TimeControl "2400+10"]

1. d4 Nf6 2. c4 g6 3. Nc3 d5 4. Nf3 Bg7 5. Bg5 Ne4 6. cxd5 Nxg5 7. Nxg5 e6
8. Qd2 exd5 9. Qe3+ Qe7 10. Qxe7+ Kxe7 11. Nxd5+ Kd6 12. e4 Be6 13. Nc3 c6
14. O-O-O h6 15. e5+ Kc7 16. Nxe6+ fxe6 17. Bc4 Kd7 18. Ne4 b6 19. f4 Ke7
20. h4 h5 21. Ng5 Bh6 22. Nxe6 Nd7 23. g3 b5 24. Bb3 Nb6 25. Kb1 Rac8 26.
Rc1 Nd7 27. Rh2 a5 28. a3 a4 29. Ba2 Nf8 30. Nc5 Nd7 31. Ne4 Nb6 32. Nd6 Kd7
33. Nxc8 Nxc8 34. d5 Ne7 35. dxc6+ Nxc6 36. Rd2+ {Black resigns} 1-0

[Event "ICC tourney 3340 (40 10)"]
[Site "Internet Chess Club"]
[Date "2023.12.09"]
[Round "2"]
[White "BRUDNO, STEPHEN:StevChess01"]
[Black "GEVORGYAN, DAVIT:Davo29"]
[Result "0-1"]
[ICCResult "White resigns"]
[WhiteElo "1900"]
[BlackElo "2028"]
[Opening "QGD: Cambridge Springs defense, Yugoslav variation"]
[ECO "D52"]
[NIC "QO.15"]
[Time "13:15:08"]
[PlyCount "54"]
[TimeControl "2400+10"]

1. d4 d5 2. c4 c6 3. Nc3 Nf6 4. Nf3 e6 5. Bg5 Nbd7 6. e3 Qa5 7. cxd5 Nxd5 8.
Qc2 Bb4 9. Rc1 Qxa2 10. Bd3 Nxc3 11. bxc3 Qxc2 12. Rxc2 Be7 13. Bf4 O-O 14.
O-O Re8 15. Ra1 Bf6 16. Rca2 a6 17. Bc7 e5 18. Bf5 exd4 19. exd4 Nf8 20.
Bxc8 Raxc8 21. Bb6 Nd7 22. Ba5 c5 23. Rb1 b5 24. dxc5 Nxc5 25. Bb4 Na4 26.
Rc1 Bxc3 27. Bxc3 Nxc3 {White resigns} 0-1

[Event "ICC tourney 3340 (40 10)"]
[Site "Internet Chess Club"]
[Date "2023.12.09"]
[Round "2"]
[White "QUIRKE, JEFFREY L:PawnEatingZombi"]
[Black "CHENG, ERIC:EricCheng-131"]
[Result "1-0"]
[ICCResult "Black resigns"]
[WhiteElo "2165"]
[BlackElo "1823"]
[Opening "QGD Slav defense"]
[ECO "D10"]
[NIC "SL.01"]
[Time "13:15:05"]
[PlyCount "79"]
[TimeControl "2400+10"]

1. d4 d5 2. c4 c6 3. Nc3 Nf6 4. e3 Bf5 5. Bd3 Bxd3 6. Qxd3 e6 7. Nf3 Be7 8.
O-O O-O 9. e4 dxe4 10. Nxe4 Nxe4 11. Qxe4 Nd7 12. Bf4 Nf6 13. Qe2 Bd6 14.
Bg5 h6 15. Bh4 Be7 16. Rfd1 Nh5 17. Bxe7 Qxe7 18. d5 cxd5 19. cxd5 Rfd8 20.
dxe6 Qxe6 21. Qxe6 fxe6 22. g3 Rac8 23. Rxd8+ Rxd8 24. Rc1 Nf6 25. Kf1 Kf8
26. Ke2 Ke7 27. Ne5 Nd5 28. h4 Kf6 29. Nd3 Rd7 30. Rc8 Rc7 31. Rxc7 Nxc7 32.
Ke3 Kf5 33. f3 e5 34. g4+ Kf6 35. Ke4 g5 36. h5 b6 37. Nxe5 Ke6 38. Nc6 a6
39. Nd4+ Kf6 40. Nf5 {Black resigns} 1-0

[Event "ICC tourney 3340 (40 10)"]
[Site "Internet Chess Club"]
[Date "2023.12.09"]
[Round "2"]
[White "MARKOVIC, GORAN:Goran21"]
[Black "Yang, Daniel:danielbest"]
[Result "0-1"]
[ICCResult "White resigns"]
[WhiteElo "2006"]
[BlackElo "2132"]
[Opening "Sicilian"]
[ECO "B50"]
[NIC "SI.01"]
[Time "13:15:06"]
[PlyCount "86"]
[TimeControl "2400+10"]

1. e4 c5 2. Nf3 d6 3. c3 Nf6 4. Be2 g6 5. O-O Bg7 6. Re1 O-O 7. Bf1 e5 8. h3
Nc6 9. Bb5 Bd7 10. d3 h6 11. Be3 Kh7 12. Nbd2 a6 13. Ba4 b5 14. Bc2 Ne8 15.
Nf1 f5 16. exf5 gxf5 17. Bd2 d5 18. Ne3 e4 19. dxe4 dxe4 20. Nh2 Be5 21. f3
Bg3 22. Re2 Bxh2+ 23. Kxh2 Qc7+ 24. Kh1 exf3 25. gxf3 Qg3 26. Rh2 Ne5 27. f4
Nf3 28. Qe2 Nxh2 29. Qxh2 Bc6+ 30. Ng2 Qf2 31. Rd1 Rd8 32. Qg1 Rxd2 33. Rxd2
Qxd2 34. Bb1 Rg8 35. Bxf5+ Kh8 36. Bg4 Bxg2+ 37. Kh2 Bf3+ 38. Kg3 Bxg4 39.
hxg4 Nf6 40. Qxc5 Rxg4+ 41. Kf3 Rxf4+ 42. Kg3 Ne4+ 43. Kh3 Nxc5 {White
resigns} 0-1

[Event "ICC tourney 3340 (40 10)"]
[Site "Internet Chess Club"]
[Date "2023.12.09"]
[Round "2"]
[White "KONA, VIDIP KUMAR:Vidipkona"]
[Black "ZHOU, JIANCHAO:TomCruise999"]
[Result "1/2-1/2"]
[ICCResult "Game drawn by repetition"]
[WhiteElo "2029"]
[BlackElo "2646"]
[Opening "English opening"]
[ECO "A05"]
[NIC "QP.11"]
[Time "13:15:19"]
[PlyCount "112"]
[TimeControl "2400+10"]

1. Nf3 Nf6 2. c4 g6 3. b4 Bg7 4. Bb2 O-O 5. g3 d6 6. Bg2 a5 7. a3 e5 8. d3
Nc6 9. b5 Ne7 10. Nbd2 Rb8 11. O-O b6 12. Qc2 Bb7 13. e4 c5 14. Nb1 Ne8 15.
Nc3 Nc7 16. a4 Ne6 17. Nd5 f5 18. Nd2 f4 19. h4 Bc8 20. Nf3 g5 21. g4 gxh4
22. Bh3 Nxd5 23. cxd5 Ng5 24. Nxg5 Qxg5 25. f3 h5 26. Kh2 hxg4 27. Bxg4 Bxg4
28. Rg1 Qe7 29. Rxg4 Kh8 30. Rag1 Bf6 31. Rg6 Qh7 32. R1g4 Rb7 33. Qf2 h3
34. Qe1 Rbf7 35. Qf2 Be7 36. Qe1 Rf6 37. Rxf6 Bxf6 38. Qf1 Rf7 39. Qxh3
Qxh3+ 40. Kxh3 Rh7+ 41. Kg2 Rh6 42. Kg1 Kh7 43. Rg2 Bh4 44. Rh2 Kg7 45. Kf1
Kg6 46. Bc3 Rh5 47. Rh3 Bd8 48. Rxh5 Kxh5 49. Kg2 Bh4 50. Kh2 Bd8 51. Kg2
Bh4 52. Kh2 Bd8 53. Kg2 Bh4 54. Kh2 Bd8 55. Kg2 Bh4 56. Kh2 Bd8
{Game drawn by repetition}
1/2-1/2

[Event "ICC tourney 3340 (40 10)"]
[Site "Internet Chess Club"]
[Date "2023.12.09"]
[Round "2"]
[White "Meng, Joshua:jmichess"]
[Black "Feng, Jay:TheDeadlyPawn"]
[Result "1-0"]
[ICCResult "Black resigns"]
[WhiteElo "2014"]
[BlackElo "1949"]
[Opening "Caro-Kann: advance variation"]
[ECO "B12"]
[NIC "CK.02"]
[Time "13:15:06"]
[PlyCount "37"]
[TimeControl "2400+10"]

1. e4 c6 2. d4 d5 3. e5 c5 4. dxc5 Nc6 5. f4 Nh6 6. c3 e6 7. Be3 g5 8. b4
Nf5 9. Bc1 gxf4 10. Bxf4 Bg7 11. Nf3 O-O 12. Bd3 Nh4 13. O-O Nxf3+ 14. Rxf3
f6 15. exf6 Bxf6 16. Rg3+ Kh8 17. Bxh7 Qe7 18. Bg6 Kg7 19. Bh6+ {Black
resigns} 1-0

[Event "ICC tourney 3340 (40 10)"]
[Site "Internet Chess Club"]
[Date "2023.12.09"]
[Round "2"]
[White "HANKE, HARVEY:ThinkingPanda"]
[Black "LIU, PATRICK PEIJUN:JunlinTheWorld"]
[Result "0-1"]
[ICCResult "White checkmated"]
[WhiteElo "2077"]
[BlackElo "2257"]
[Opening "Sicilian: Grand Prix attack"]
[ECO "B23"]
[NIC "SI.44"]
[Time "13:15:15"]
[PlyCount "122"]
[TimeControl "2400+10"]

1. e4 c5 2. Nc3 Nc6 3. f4 g6 4. Nf3 Bg7 5. Bc4 d6 6. O-O Nf6 7. d3 e6 8. e5
dxe5 9. fxe5 Nd5 10. Ne4 Nxe5 11. Nxe5 Bxe5 12. Bg5 f6 13. Bh6 f5 14. Qf3
Qh4 15. Ng3 Qxh6 16. Bxd5 Qg7 17. Rae1 O-O 18. c3 Bxg3 19. Rxe6 Bxh2+ 20.
Kxh2 Bxe6 21. Bxe6+ Kh8 22. Bc4 Rfe8 23. a3 Qh6+ 24. Kg1 Qe3+ 25. Qxe3 Rxe3
26. Kf2 Rae8 27. Rb1 Re2+ 28. Kf1 Rc2 29. Bd5 b6 30. Bf3 g5 31. Bd1 Rd2 32.
Bf3 Rxd3 33. Be2 Rd2 34. Bf3 g4 35. Bc6 Ree2 36. b4 cxb4 37. cxb4 h5 38. a4
h4 39. a5 h3 40. gxh3 gxh3 41. Kg1 Rb2 42. Rd1 Rxb4 43. a6 Ra2 44. Bb7 Rba4
45. Kh1 Ra1 46. Rxa1 Rxa1+ 47. Kh2 Ra3 48. Bc8 Kg7 49. Bxf5 Rxa6 50. Bxh3
Ra2+ 51. Kg1 Kf6 52. Kf1 Ke5 53. Ke1 Kd4 54. Kd1 Kc3 55. Bf5 Rd2+ 56. Kc1
Rf2 57. Bh3 Rh2 58. Bf1 Rh1 59. Kb1 Rxf1+ 60. Ka2 Re1 61. Ka3 Ra1#
{White checkmated}
0-1

[Event "ICC tourney 3340 (40 10)"]
[Site "Internet Chess Club"]
[Date "2023.12.09"]
[Round "2"]
[White "BERKLEY, DARRIN K:drberkley"]
[Black "CHEN, LEON TINGQUAN:leonlunachen"]
[Result "1/2-1/2"]
[ICCResult "Game drawn by mutual agreement"]
[WhiteElo "1904"]
[BlackElo "1879"]
[Opening "French: Paulsen variation"]
[ECO "C10"]
[NIC "FR.04"]
[Time "13:15:06"]
[PlyCount "74"]
[TimeControl "2400+10"]

1. e4 e6 2. Nc3 d5 3. d4 Be7 4. Nf3 Nf6 5. e5 Nfd7 6. Ne2 c5 7. c3 Nc6 8.
Be3 Qb6 9. Qd2 cxd4 10. Nexd4 Bc5 11. Nxc6 bxc6 12. Bxc5 Nxc5 13. Qc2 Ba6
14. Bxa6 Qxa6 15. Qe2 Qxe2+ 16. Kxe2 Ke7 17. Nd4 Rhc8 18. Rac1 a5 19. Rc2
Rab8 20. Rb1 Nd7 21. Nf3 c5 22. Kd2 Rb7 23. Re1 Rcb8 24. Kc1 a4 25. Ree2 c4
26. Nd4 Rb6 27. a3 Nc5 28. f3 Nb3+ 29. Nxb3 Rxb3 30. Rcd2 R8b5 31. Rd4 h6
32. h4 Rb8 33. Rg4 g6 34. Rd4 h5 35. Red2 Rh8 36. f4 Rg8 37. Rf2 Rg7
{Game drawn by mutual agreement}
1/2-1/2

[Event "ICC tourney 3340 (40 10)"]
[Site "Internet Chess Club"]
[Date "2023.12.09"]
[Round "2"]
[White "HIDALGO, JULIO A:julitico"]
[Black "KOEHL, EVAN:MacAndSneeze"]
[Result "1/2-1/2"]
[ICCResult "Game drawn by repetition"]
[WhiteElo "1900"]
[BlackElo "2050"]
[Opening "Caro-Kann defense"]
[ECO "B15"]
[NIC "CK.02"]
[Time "13:18:59"]
[PlyCount "144"]
[TimeControl "2400+10"]

1. e4 c6 2. d4 d5 3. Nd2 dxe4 4. Nxe4 Nf6 5. Ng3 g6 6. Nf3 Bg7 7. Bc4 O-O 8.
h3 Nbd7 9. O-O b5 10. Bb3 Nb6 11. Bf4 Nfd5 12. Bg5 a5 13. a3 h6 14. Bd2 Qc7
15. Qc1 Kh7 16. Re1 Bb7 17. Ne4 e6 18. Nc5 Nd7 19. Nxd7 Qxd7 20. Ne5 Qc7 21.
Nd3 Bxd4 22. Bxh6 Rfe8 23. c3 Bg7 24. Bxg7 Kxg7 25. Bxd5 cxd5 26. Re3 Rac8
27. Qe1 Qd6 28. Ne5 Red8 29. Rf3 Rf8 30. Ng4 f6 31. Qd2 g5 32. h4 Rc4 33.
Rg3 Qf4 34. Qxf4 gxf4 35. Rh3 e5 36. h5 Bc8 37. h6+ Kh7 38. f3 Bxg4 39. fxg4
Kg6 40. Rd1 Rc5 41. b4 axb4 42. axb4 Rc7 43. Rxd5 Rb7 44. Kf2 Kg5 45. Kf3
Rh8 46. g3 fxg3 47. Rd6 Rc7 48. Rh5+ Kg6 49. Rf5 Rxc3+ 50. Kg2 Rc2+ 51. Kxg3
Rc3+ 52. Kf2 Rc2+ 53. Ke3 Rc3+ 54. Kd2 Rc4 55. Rdxf6+ Kh7 56. g5 Rxb4 57.
Rxe5 Rd8+ 58. Ke3 Rd7 59. Rff5 Kg6 60. Rxb5 Rbd4 61. Rf6+ Kh7 62. Rbf5 Rd3+
63. Kf4 R7d4+ 64. Ke5 Rd5+ 65. Ke4 R5d4+ 66. Ke5 Rd5+ 67. Ke6 Rd6+ 68. Kf7
Rd7+ 69. Ke6 R7d6+ 70. Ke5 R6d5+ 71. Ke4 R5d4+ 72. Ke5 Rd5+
{Game drawn by repetition}
1/2-1/2

[Event "ICC tourney 3340 (40 10)"]
[Site "Internet Chess Club"]
[Date "2023.12.09"]
[Round "2"]
[White "Li, Alex:AlexLi31415"]
[Black "POLYAKIN, VLADIMIR:IAlwaysWin"]
[Result "1/2-1/2"]
[ICCResult "Game drawn because neither player has mating material"]
[WhiteElo "1835"]
[BlackElo "2100"]
[Opening "French: Wing gambit"]
[ECO "C00"]
[NIC "FR.01"]
[Time "13:15:19"]
[PlyCount "111"]
[TimeControl "2400+10"]

1. e4 e6 2. Nf3 d5 3. e5 c5 4. b4 c4 5. c3 a5 6. b5 a4 7. d3 cxd3 8. Bxd3
Bc5 9. O-O Ne7 10. Bc2 Qa5 11. Nd4 Nd7 12. f4 Nb6 13. Kh1 Bd7 14. f5 Bxd4
15. Qxd4 Nxf5 16. Bxf5 exf5 17. e6 fxe6 18. Qxg7 O-O-O 19. Na3 Bxb5 20. Nxb5
Qxb5 21. Bf4 Nd7 22. Rfb1 Qc6 23. Rb4 e5 24. Bd2 Qg6 25. Qe7 Rhg8 26. Rg1
Qf6 27. Qxf6 Nxf6 28. Rxa4 Ne4 29. Be1 Rg6 30. Bh4 Rdg8 31. Ra5 Nxc3 32. Rc1
d4 33. Rxe5 Rxg2 34. Rxf5 Rxa2 35. Be1 Rgg2 36. Bxc3 Rxh2+ 37. Kg1 Rag2+ 38.
Kf1 dxc3 39. Rxc3+ Kd7 40. Rf7+ Ke6 41. Rxb7 Ra2 42. Kg1 Rhd2 43. Rb1 h5 44.
Rh3 Ra5 45. Rh2 Rdd5 46. Rf2 h4 47. Rb6+ Ke5 48. Rbf6 Ra4 49. R6f5+ Kd6 50.
Rxd5+ Kxd5 51. Kh2 Ke5 52. Kh3 Re4 53. Rf3 Kd4 54. Ra3 Re3+ 55. Rxe3 Kxe3
56. Kxh4 {Game drawn because neither player has mating material} 1/2-1/2

[Event "ICC tourney 3340 (40 10)"]
[Site "Internet Chess Club"]
[Date "2023.12.09"]
[Round "3"]
[White "BRUDNO, STEPHEN:StevChess01"]
[Black "MARKOVIC, GORAN:Goran21"]
[Result "0-1"]
[ICCResult "White resigns"]
[WhiteElo "1900"]
[BlackElo "2006"]
[Opening "King's Indian: Sämisch, Panno main line"]
[ECO "E84"]
[NIC "KI.35"]
[Time "15:30:10"]
[PlyCount "78"]
[TimeControl "2400+10"]

1. d4 Nf6 2. c4 g6 3. f3 Bg7 4. e4 O-O 5. Nc3 d6 6. Be3 Nc6 7. Nge2 a6 8.
Qd2 Rb8 9. Rc1 Bd7 10. c5 e5 11. d5 Ne7 12. g4 Ne8 13. Ng3 f5 14. gxf5 gxf5
15. Nh5 Ng6 16. Bg5 Bf6 17. Nxf6+ Nxf6 18. cxd6 cxd6 19. h4 fxe4 20. Nxe4
Nxe4 21. fxe4 Qb6 22. Be3 Qd8 23. Bg5 Qe8 24. h5 Nf4 25. Bh6 Rf7 26. Rg1+
Kh8 27. Rc3 Bb5 28. Rcg3 Bxf1 29. Rxf1 Nxh5 30. Rgf3 Rxf3 31. Rxf3 Qg6 32.
Rf5 Ng3 33. Qg5 Nxf5 34. exf5 Qxg5 35. Bxg5 Rc8 36. Be7 Rc5 37. f6 Kg8 38.
Bxd6 Rxd5 39. Be7 Rd7 {White resigns} 0-1

[Event "ICC tourney 3340 (40 10)"]
[Site "Internet Chess Club"]
[Date "2023.12.09"]
[Round "3"]
[White "GEVORGYAN, DAVIT:Davo29"]
[Black "CHEN, LEON TINGQUAN:leonlunachen"]
[Result "1-0"]
[ICCResult "Black resigns"]
[WhiteElo "2028"]
[BlackElo "1879"]
[Opening "French: Tarrasch, closed variation"]
[ECO "C05"]
[NIC "FR.17"]
[Time "15:30:37"]
[PlyCount "67"]
[TimeControl "2400+10"]

1. e4 e6 2. d4 d5 3. Nd2 Nf6 4. Bd3 c5 5. e5 Nfd7 6. c3 Nc6 7. Ne2 Qb6 8.
Nf3 Be7 9. O-O O-O 10. Re1 Re8 11. h4 f6 12. exf6 Nxf6 13. g3 cxd4 14. cxd4
Bb4 15. Bd2 Bxd2 16. Qxd2 Bd7 17. Rac1 Rac8 18. Nf4 a5 19. h5 Nb4 20. Bb1
Rxc1 21. Rxc1 Nc6 22. h6 g6 23. Nxg6 hxg6 24. Qg5 Kf7 25. Qxg6+ Ke7 26. Qg7+
Kd6 27. Qxf6 Qxb2 28. Re1 Qb6 29. h7 Qd8 30. Qf4+ Ke7 31. Qh4+ Kd6 32. Ng5
Kc7 33. Nf7 Qxh4 34. gxh4 {Black resigns} 1-0